 Dungeon Crawl Stone Soup version 0.32-a0-834-geaf45d8e21 (webtiles) character file.

Game seed: 6327223257809168454

520 snetch the Grave Robber (level 7, -5/47 HPs)
             Began as a Mummy Necromancer on Mar 22, 2024.
             Engulfed by a steam dragon's steam (9 damage)
             ... on level 5 of the Dungeon on Mar 25, 2024.
             The game lasted 00:16:29 (3915 turns).

snetch the Grave Robber (Mummy Necromancer)         Turns: 3915, Time: 00:16:29

Health: -5/47      AC:  3    Str: 12    XL:     7   Next: 1%
Magic:  14/16      EV: 10    Int: 16    God:
Gold:   213        SH:  0    Dex: 12    Spells: 17/18 levels left

rFire   x . .        u - +3 quarterstaff (chaos)
rCold   + + .        (shield currently unavailable)
rNeg    + + +        p - +0 leather armour
rPois   ∞            (no helmet)
rElec   .            m - -1 cloak of Dowdy Liberty {rC+ Stlth+}
rCorr   .            (no gloves)
SInv    .            (no boots)
Will    .....        (no amulet)
Stlth   +++          (no ring)
HPRegen 0.27/turn    (no ring)
MPRegen 0.15/turn

%: faith
@: no status effects
A: cold resistance 1, negative energy resistance 3, torment resistance 2, heat
vulnerability 1, in touch with death 1, no potions, faith
a: no special abilities


You were on level 5 of the Dungeon.
You visited 2 branches of the dungeon, and saw 6 of its levels.

You collected 213 gold pieces.

Inventory:

Hand Weapons
 c - a +0 short sword
 f - a +0 sling
 t - a +0 trident
 u - a +3 quarterstaff of chaos (weapon)
Missiles
 d - 52 stones
 q - 5 poisoned darts
Armour
 m - the -1 cloak of Dowdy Liberty (worn) {rC+ Stlth+}
   (You found it on level 3 of the Dungeon)

   rC+:       It protects you from cold.
   Stlth+:    It makes you more stealthy.
 o - a +0 scale mail
 p - a +0 leather armour (worn)
 r - a +0 ring mail
 v - a +0 cloak
Wands
 a - a wand of polymorph (8)
 n - a wand of flame (16)
Scrolls
 b - a scroll of butterflies {unknown}
 e - a scroll of teleportation {unknown}
 g - a scroll of immolation {unknown}
 h - 2 scrolls of revelation {unknown}
 i - 4 scrolls of vulnerability {unknown}
 j - 2 scrolls of fear {unknown}
 k - a scroll of fog {unknown}
 l - a scroll of poison {unknown}
 s - a scroll of silence {unknown}
 w - 4 scrolls of identify {unknown}


   Skills:
 + Level 0.8 Fighting
 + Level 1.4 Armour
 + Level 1.7 Dodging
 + Level 1.7 Stealth
 + Level 6.2 Spellcasting
 + Level 6.3 Necromancy


You had 17 spell levels left.
You knew the following spells:

 Your Spells              Type           Power      Damage    Failure   Level
a - Necrotise             Necr           100%       1d9       1%          1

Your spell library contained the following spells:

 Spells                   Type           Power      Damage    Failure   Level
 Fugue of the Fallen      Necr           38%        N/A       3%          3
 Vampiric Draining        Necr           38%        2d8       3%          3
 Animate Dead             Necr           38%        N/A       12%         4
 Ensorcelled Hibernation  Hex/Ice        8%         N/A       26%         2
 Curse of Agony           Necr           38%        N/A       34%         5
 Anguish                  Hex/Necr       11%        N/A       41%         4
 Inner Flame              Hex/Fire       4%         N/A       45%         3
 Sigil of Binding         Hex            4%         N/A       45%         3
 Flame Wave               Conj/Fire      4%         2d5       86%         4
 Sticky Flame             Fire/Alch      4%         2d4       86%         4
 Death Channel            Necr           19%        N/A       88%         6
 Sculpt Simulacrum        Ice/Alch       2%         N/A       100%        6


Dungeon Overview and Level Annotations

Branches:
Dungeon (5/15)             Temple (1/1) D:4

Altars:
Cheibriados
Hepliaklqana
Nemelex Xobeh
Okawaru
Sif Muna
Trog
Uskayaw
Vehumet
Wu Jian


Innate Abilities, Weirdness & Mutations

You are immune to poison.
Your flesh is cold resistant. (rC+)
You are immune to negative energy. (rN+++)
You are immune to unholy pain and torment.
You are vulnerable to heat. (rF-)
You are in touch with the powers of death.
You do not drink.
You have a special connection with the divine. (Faith)


Message History

You feel a surge of power!
The goblin writhes in agony!
You kill the goblin!
The dead are walking!
You swap places.
You see here a +0 club.
Your goblin skeleton crumbles into dust!
w - 4 scrolls labelled ZAEDIDUYMUUGH (gained 3)
Items here: ))) [[.
There is a stone staircase leading down here.
You see here a +0 scale mail.
You see here a +0 leather armour.
You see here a +0 hand axe.
Done exploring.
Unknown command.
Done exploring.
Saving game... please wait.
Welcome back, snetch the Mummy Necromancer.
Press ? for a list of commands and other information.
There is a stone staircase leading down here.
You climb downwards.
Found 15 gold pieces, a plate armour and a scroll labelled ILEOQA UTUO.
There is a stone staircase leading up here.
You feel a surge of power!
The steam dragon hisses angrily.
The steam dragon writhes in agony.
The howler monkey howls!
The steam dragon breathes steam at you. The ball of steam hits you!!
The steam scalds you terribly!
Ouch! That really hurt!
The howler monkey hoots and howls with incredible vigour!
You hear a bark!
You hear a shout! x2
You are too injured to fight recklessly!
Aiming: Necrotise (safe; 1% risk of failure)
Press: ? - help, Q - select action, (/) - cycle Shift-Dir - straight line, f/p - steam dragon
Aim: a steam dragon (steam, lightly wounded, catching its breath, chance to affect: 83%)
You feel a surge of power!
The steam dragon writhes in agony!
You are engulfed in a cloud of scalding steam.
* * * LOW HITPOINT WARNING * * *
You are engulfed in a cloud of scalding steam.
You die...

.... ..
......#
.h....#
..#....
..... . #
... ...
#.##.#.....
#..@....$..
#....§§.##..
#...D.§.....
##..§§......
#....$.....
###.[......
.........
..##..?..


You could see a steam dragon (catching breath) and a howler monkey (catching
breath).

Vanquished Creatures
  Menkaure (D:4)
  A bombardier beetle (D:4)
  Crazy Yiuf (D:3)
  Ijyb (D:4)
  Jessica (D:3)
  An iguana (D:4)
  Natasha (thrice) (D:4)
  2 orc wizards (D:4)
  5 adders
  2 dart slugs (D:2)
  2 ribbon worms
  6 orcs
  5 ball pythons
  3 endoplasms
  5 giant cockroaches
  8 hobgoblins
  6 jackals (D:3)
  2 quokkas (D:2)
  3 bats
  3 frilled lizards
  6 goblins
  10 kobolds
  6 rats
83 creatures vanquished.

Vanquished Creatures (collateral kills)
  An orc (D:3)
  A ball python (D:2)
  A giant cockroach (D:1)
  A hobgoblin (D:4)
4 creatures vanquished.

Grand Total: 87 creatures vanquished

Notes
Turn   | Place    | Note
-------+----------+-------------------------------------------
     0 | D:1      | snetch the Mummy Necromancer began the quest for the Orb.
     0 | D:1      | Reached XP level 1. HP: 13/13 MP: 4/4
   104 | D:1      | Found a faded altar of an unknown god.
   114 | D:1      | Reached XP level 2. HP: 19/19 MP: 2/5
   880 | D:2      | Reached XP level 3. HP: 24/24 MP: 5/7
  1348 | D:2      | Reached skill level 5 in Necromancy
  1903 | D:3      | Identified the -1 cloak of Dowdy Liberty {rC+ Stlth+}
  1964 | D:3      | Found a radiant altar of Vehumet.
  1979 | D:3      | Reached XP level 4. HP: 6/30 MP: 6/9
  2043 | D:3      | Noticed Jessica
  2051 | D:3      | Killed Jessica
  2073 | D:4      | Reached XP level 5. HP: 35/36 MP: 1/11
  2441 | D:4      | Noticed Ijyb
  2450 | D:4      | Killed Ijyb
  2451 | D:4      | Reached skill level 5 in Spellcasting
  2831 | D:3      | Found a runed translucent door.
  2832 | D:3      | Noticed Crazy Yiuf
  2840 | D:3      | Killed Crazy Yiuf
  3255 | D:4      | Found a staircase to the Ecumenical Temple.
  3265 | Temple   | Entered the Ecumenical Temple
  3312 | D:4      | Reached XP level 6. HP: 42/42 MP: 11/14
  3419 | D:4      | Noticed Natasha
  3423 | D:4      | Noticed Menkaure
  3430 | D:4      | Killed Menkaure
  3431 | D:4      | Reached skill level 1 in Armour
  3440 | D:4      | Killed Natasha
  3526 | D:5      | Entered Level 5 of the Dungeon
  3565 | D:4      | Noticed Natasha
  3576 | D:4      | Killed Natasha
  3588 | D:4      | Noticed Natasha
  3599 | D:4      | Killed Natasha
  3600 | D:4      | Reached XP level 7. HP: 34/47 MP: 8/16
  3609 | D:4      | Found a sparkling altar of Nemelex Xobeh.
  3908 | D:4      | Upgraded the game from 0.32-a0-814-g0968bab981 to
                  | 0.32-a0-834-geaf45d8e21
  3912 | D:5      | Noticed a steam dragon
  3915 | D:5      | Engulfed by a steam dragon's steam

Illustrated notes

Levels and vault maps discovered:
D:1:      scummos_arrival_simple_crosswalls, layout_loops_cross,
          chequers_ecumenical_altar_simple, hangedman_feature_mirror
D:2:      layout_loops_corners, minmay_tiny_reverse_x
D:3:      layout_loops_cross, vehumet_altar_wand_db, uniq_jessica,
          uniq_crazy_yiuf_cottage
D:4:      layout_loops_ring, nemelex_diamond_rough_becter,
          minmay_temple_entry_statues_pillars, uniq_ijyb, uniq_natasha,
          uniq_menkaure
D:5:      layout_cave_pools, st_stairs_12,
          serial_library_hellmonk_recessed_alcove
Temple:   hellmonk_temple_of_storms

Skill      XL: |  1  2  3  4  5  6 |
---------------+-------------------+-----
Spellcasting   | 3 4 5 6 |  6.2
Necromancy     | 5 6 |  6.3
Armour         | 1 |  1.4
Fighting       | |  0.8
Dodging        | |  1.7
Stealth        | |  1.7

Action                     |  1- 3 |  4- 6 |  7- 9 || total
---------------------------+-------+-------+-------++-------
  Melee: Unarmed           |     5 |       |       ||     5
         Short sword       |     5 |     1 |       ||     6
         Quarterstaff      |       |     3 |       ||     3
   Cast: Necrotise         |    72 |   110 |     4 ||   186
   Stab: Distracted        |     1 |       |       ||     1
 Armour: Robe              |    19 |     4 |       ||    23
         Leather armour    |       |    20 |     3 ||    23
  Dodge: Dodged            |    15 |    25 |       ||    40

Table legend: (Time is in decaauts)
 A = Elapsed time spent in this place.
 B = Non-inter-level travel time spent in this place.
 C = Inter-level travel time spent in this place.
 D = Time resting spent in this place.
 E = Time spent auto-exploring this place.
 F = Levels seen in this place.
 G = Mean time per level.
                   A        B        C        D        E       F      G
               +--------+--------+--------+--------+--------+-----+--------+
         Total |   3918 |   3835 |     83 |      2 |   2357 |   6 |  653.0 |
       Dungeon |   3876 |   3804 |     72 |      2 |   2357 |   5 |  775.2 |
        Temple |     41 |     30 |     11 |      0 |      0 |   1 |   41.0 |
               +--------+--------+--------+--------+--------+-----+--------+

Top non-repeatable levels by time:
     D:3: 1165 daAuts
     D:2: 1113 daAuts
     D:4: 818 daAuts
     D:1: 772 daAuts
  Temple: 41 daAuts
     D:5: 6 daAuts
